 Dungeon Crawl Stone Soup version 0.27-a0-789-g6bb3289e1e (webtiles) character file.

Game seed: 683960942296896143

3 durn the Caller (level 1, 0/10 HPs)
             Began as a Deep Elf Summoner on Mar 26, 2021.
             Slain by a quokka (4 damage)
             ... on level 1 of the Dungeon.
             The game lasted 00:01:27 (219 turns).

durn the Caller (Deep Elf Summoner)                  Turns: 219, Time: 00:01:28

Health: 0/10       AC:  2    Str:  5    XL:     1   Next: 41%
Magic:  5/6        EV: 12    Int: 19    God:
Gold:   21         SH:  0    Dex: 15    Spells: 5/6 levels left

rFire    . . .     SeeInvis .   b - +0 dagger
rCold    . . .     Faith    .   (no shield)
rNeg     . . .     Spirit   .   a - +0 robe
rPois    .         Reflect  .   (no helmet)
rElec    .         Harm     .   (no cloak)
rCorr    .         Rampage  .   (no gloves)
Will     .....                  (no boots)
Stlth    ++........             (no amulet)
HPRegen  0.03/turn              (no ring)
MPRegen  0.10/turn              (no ring)

@: no status effects
A: no striking features
a: no special abilities


You were on level 1 of the Dungeon.
You visited 1 branch of the dungeon, and saw 1 of its levels.

You collected 21 gold pieces.

Inventory:

Hand Weapons
 b - a +0 dagger (weapon)
Armour
 a - a +0 robe (worn)
Potions
 c - a potion of curing {unknown}


   Skills:
 + Level 2.4 Dodging
 + Level 2.4 Stealth
 + Level 3.0 Spellcasting
 + Level 4.6 Summonings


You had 5 spell levels left.
You knew the following spells:

 Your Spells              Type           Power      Damage    Failure   Level
a - Summon Small Mammal   Summ           80%        N/A       2%          1

Your spell library contained the following spells:

 Spells                   Type           Power      Damage    Failure   Level
 Call Imp                 Summ           20%        N/A       3%          2
 Call Canine Familiar     Summ           20%        N/A       7%          3
 Summon Guardian Golem    Hex/Summ       11%        N/A       19%         3
 Summon Ice Beast         Ice/Summ       11%        N/A       52%         4
 Summon Lightning Spire   Summ/Air       11%        N/A       52%         4


Dungeon Overview and Level Annotations

Branches:
Dungeon (1/15)

Altars:


Message History

A quokka comes into view.
You now have 21 gold pieces (gained 11).
You swap places.
An endoplasm comes into view.
The quokka closely misses you.
You closely miss the quokka.
The endoplasm quivers.
Your quokka disappears in a puff of smoke!
Your bat barely misses the quokka.
The quokka bites you.
Your bat hits the quokka. You hit the quokka but do no damage.
The quokka is lightly wounded.
Your bat hits the quokka but does no damage.
The quokka barely misses you.
You barely miss the quokka.
The quokka is lightly wounded.
Your bat hits the quokka but does no damage.
The quokka closely misses you.
You closely miss the quokka.
The quokka is lightly wounded.
The quokka misses you. The quokka bites you.
You barely miss the quokka.
The quokka is lightly wounded.
Your bat hits the quokka but does no damage.
Your bat misses the quokka. The quokka closely misses you.
You hit the quokka but do no damage.
The quokka is lightly wounded.
Your bat closely misses the quokka.
The quokka closely misses you.
You hit the quokka.
The quokka is moderately wounded.
Your bat hits the quokka but does no damage.
The quokka bites you but does no damage.
Casting: Summon Small Mammal (safe; 2% risk of failure)
Confirm with . or Enter, or press ? or * to list all spells.
Your bat disappears in a puff of smoke!
The quokka bites you.
You closely miss the quokka.
The quokka is moderately wounded.
The quokka misses you. The quokka bites you.
You die...

.. .. .# #.# .....
.#.## ...# #..# #
#..# #. ..## #..#
#.# ## ..
.....#@b##### #.#
.# .#.
......r......# #.#
.##
..###..#.#.#......#
#.# ..# .....
#.#......## #.# #.#
...#.. # #.......#
#.##### ..##..... .
##......####.....#
.....# ..
#...........#....
.....#.....
#......####.#..##
..†..#....
#......'..#.#..#


You could see a quokka (ally target) and a friendly bat (summoned).

Vanquished Creatures
  A bat (D:1)
1 creature vanquished.

Vanquished Creatures (collateral kills)
  2 ball pythons (D:1)
  A goblin (D:1)
3 creatures vanquished.

Grand Total: 4 creatures vanquished

Notes
Turn   | Place    | Note
-------+----------+-------------------------------------------
     0 | D:1      | durn the Deep Elf Summoner began the quest for the Orb.
     0 | D:1      | Reached XP level 1. HP: 10/10 MP: 6/6
   219 | D:1      | Slain by a quokka

Illustrated notes

Levels and vault maps discovered:
D:1:      amcnicky_arrival_double_pillar, layout_basic

Action                   || total
-------------------------++-------
Melee: Dagger            ||    11
 Cast: Summon Small Mamm ||    10
 Stab: Sleeping          ||     1
Armor: Robe              ||     1
Dodge: Dodged            ||     8

Table legend: (Time is in decaauts)
 A = Elapsed time spent in this place.
 B = Non-inter-level travel time spent in this place.
 C = Inter-level travel time spent in this place.
 D = Time resting spent in this place.
 E = Time spent auto-exploring this place.
 F = Levels seen in this place.
 G = Mean time per level.
                   A        B        C        D        E       F      G
               +--------+--------+--------+--------+--------+-----+--------+
         Total |    218 |     99 |    119 |      0 |      0 |   1 |  218.0 |
       Dungeon |    218 |     99 |    119 |      0 |      0 |   1 |  218.0 |
               +--------+--------+--------+--------+--------+-----+--------+

Top non-repeatable levels by time:
     D:1: 218 daAuts
